Workbook

Sheet Índices
B3: Cons. Ração Leves F | C3: 120
B4: Cons. Ração Leves M | C4: 145
B5: Cons. Ração Dupla F | C5: 150
B6: Cons. Ração Dupla M | C6: 180
B7: Cons. Ração Pesadas F | C7: 170
B8: Cons. Ração Pesadas M | C8: 210
B9: Postura Leve | C9: 0.7
B10: Postura Dupla | C10: 0.65
B11: Postura Pesada | C11: 0.62
B12: Seleção | C12: 0.8
B13: Eclosão | C13: 0.75
B15: Valor da ração | C15: =85/40 -> 2.125
B16: Valor ovos consumo | C16: =14 -> 14

Sheet Plantel
B3: Baia | C3: Fêmeas | D3: Machos | E3: Produção ovos | F3: Seleção | G3: Ração
B4: Leves | C4: 15 | D4: 2 | E4: =round((C4*'Índices'!C9),0) -> 11 | F4: =round((E4*'Índices'!$C$12),0) -> 9 | G4: =((C4*'Índices'!C3)+(D4*'Índices'!C4))/1000 -> 2.09
B5: Dupla | C5: 15 | D5: 2 | E5: =round((C5*'Índices'!C10),0) -> 10 | F5: =round((E5*'Índices'!$C$12),0) -> 8 | G5: =((C5*'Índices'!C5)+(D5*'Índices'!C6))/1000 -> 2.61
B6: Pesada | C6: 15 | D6: 2 | E6: =round((C6*'Índices'!C11),0) -> 9 | F6: =round((E6*'Índices'!$C$12),0) -> 7 | G6: =((C6*'Índices'!C7)+(D6*'Índices'!C8))/1000 -> 2.97

Sheet Valores R$
C3: Ração dia | D3: Ração semana | E3: Receita ovo | F3: Despesa Baia | G3: Custo Total
B4: Baia Leves | C4: =Plantel!G4*'Índices'!$C$15 -> 4.44125 | D4: =C4*7 -> 31.08875 | E4: =(Plantel!E4-Plantel!F4)*7/12*'Índices'!$C$16 -> 16.333333 | F4: =D4-E4 -> 14.755417 | G4: =F4+$C$16 -> 223.23832
B5: Baia Dupla | C5: =Plantel!G5*'Índices'!$C$15 -> 5.54625 | D5: =C5*7 -> 38.82375 | E5: =(Plantel!E5-Plantel!F5)*7/12*'Índices'!$C$16 -> 16.333333 | F5: =D5-E5 -> 22.490417 | G5: =F5+$C$16 -> 230.97332
B6: Baia Pesada | C6: =Plantel!G6*'Índices'!$C$15 -> 6.31125 | D6: =C6*7 -> 44.17875 | E6: =(Plantel!E6-Plantel!F6)*7/12*'Índices'!$C$16 -> 16.333333 | F6: =D6-E6 -> 27.845417 | G6: =F6+$C$16 -> 236.32832
B8: Despesas Fixas semana
B9: Energia | C9: 30
B10: Gasolina | C10: 50
B11: Vac & Med | C11: 20
B12: Deprec Choc | C12: =((((6590*2)+3690)/3)/52) -> 108.14103
B13: Deprec Galpão | C13: =((((25000)/10)/52)) -> 48.076923
B14: Salários | C14: =1600*12/52 -> 369.23077
B15: Total | C15: =SUM(C9:C14) -> 625.44872
B16: Total Baia | C16: =C15/3 -> 208.48291
B18: Pintos Nascidos - 75% | D18: Custo | E18: Venda | F18: Lucro/ cab | G18: =sum(G19:G21) -> 65.460032
B19: Baia Leves | C19: ='Incubação'!D5 -> 47 | D19: =G4/C19 -> 4.7497515 | E19: 6 | F19: =E19-D19 -> 1.2502485 | G19: =F19*C19 -> 58.761677
B20: Baia Dupla | C20: ='Incubação'!D6 -> 42 | D20: =G5/C20 -> 5.4993648 | E20: 6 | F20: =E20-D20 -> 0.50063517 | G20: =F20*C20 -> 21.026677
B21: Baia Pesada | C21: ='Incubação'!D7 -> 37 | D21: =G6/C21 -> 6.387252 | E21: 6 | F21: =E21-D21 -> -0.38725196 | G21: =F21*C21 -> -14.328323
B23: Pintos Nascidos - 65% | D23: Custo | E23: Venda | F23: Lucro/ cab | G23: =sum(G24:G26) -> -12.539968
B24: Baia Leves | C24: =round((C19*0.9),0) -> 42 | D24: =G4/C24 -> 5.3151982 | E24: 6 | F24: =E24-D24 -> 0.68480184 | G24: =F24*C24 -> 28.761677
B25: Baia Dupla | C25: =round((C20*0.9),0) -> 38 | D25: =G5/C25 -> 6.0782453 | E25: 6 | F25: =E25-D25 -> -0.078245333 | G25: =F25*C25 -> -2.9733227
B26: Baia Pesada | C26: =round((C21*0.9),0) -> 33 | D26: =G6/C26 -> 7.1614643 | E26: 6 | F26: =E26-D26 -> -1.1614643 | G26: =F26*C26 -> -38.328323
B29: Eclosão 75% | C29: =G18 -> 65.460032
B30: Eclosão 65% | C30: =G23 -> -12.539968
B31: Diferença sem | C31: =C29-C30 -> 78
B32: Diferença ano | C32: =C31*52 -> 4056

Sheet Incubação
B3: Chocadeira 200
C4: Ovos semana | D4: Nascimentos
B5: Leve | C5: =Plantel!F4*7 -> 63 | D5: =round((C5*'Índices'!$C$13),0) -> 47
B6: Dupla | C6: =Plantel!F5*7 -> 56 | D6: =round((C6*'Índices'!$C$13),0) -> 42
B7: Pesada | C7: =Plantel!F6*7 -> 49 | D7: =round((C7*'Índices'!$C$13),0) -> 37
B8: Total semana | C8: =SUM(C5:C7) -> 168 | D8: =round((C8*'Índices'!$C$13),0) -> 126
